 Dungeon Crawl Stone Soup version 0.28.0-45-g0d030f2227 (webtiles) character file.

Game seed: 3666859777054910884

222 Kaptain the Digger (level 5, -12/31 HPs)
             Began as a Gargoyle Earth Elementalist on Apr 1, 2022.
             Blown up by Ijyb (22 damage)
             ... with a mindburst bolt
             ... on level 3 of the Dungeon.
             The game lasted 00:06:51 (4028 turns).

Kaptain the Digger (Gargoyle Earth Elementalist)    Turns: 4028, Time: 00:06:51

Health: -12/31     AC:  8    Str: 12    XL:     5   Next: 99%
Magic:  6/9        EV: 12    Int: 17    God:
Gold:   136        SH:  0    Dex: 10    Spells: 6/10 levels left

rFire   . . .      SeeInvis .   v - +5 hand axe "Esimadu" {vorpal, Will+}
rCold   . . .      Faith    .   (no shield)
rNeg    + . .      Spirit   .   b - +0 robe
rPois   ∞          Reflect  .   j - +0 helmet
rElec   +          Harm     .   t - +0 cloak
rCorr   .          Rampage  .   (no gloves)
Will    +....                   (no boots)
Stlth   ++........              g - amulet of magic regeneration
HPRegen 0.10/turn               (no ring)
MPRegen 0.51/turn               (no ring)

@: no status effects
A: sickness immunity, AC +4, negative energy resistance 1, electricity
resistance, torment resistance 1, petrification resistance
a: no special abilities


You were on level 3 of the Dungeon.
You visited 1 branch of the dungeon, and saw 3 of its levels.

You collected 136 gold pieces.

Inventory:

Hand Weapons
 i - a +0 trident
 q - a +2 dagger of venom
 v - the +5 hand axe "Esimadu" (weapon) {vorpal, Will+}
   (You found it on level 3 of the Dungeon)

   It inflicts extra damage upon your enemies.
   Will:      It increases your willpower.
Missiles
 a - 30 sling bullets
 c - 66 stones
Armour
 b - a +0 robe (worn)
 j - a +0 helmet (worn)
 n - a +0 buckler
 t - a +0 cloak (worn)
 u - a +1 scale mail of fire resistance
Jewellery
 g - an amulet of magic regeneration (around neck)
 m - a ring of fire
Wands
 d - a wand of acid (14)
Scrolls
 f - 2 scrolls of identify {unknown}
 k - a scroll of teleportation {unknown}
 l - a scroll of immolation {unknown}
 p - a scroll of brand weapon {unknown}
 r - a scroll of blinking {unknown}
Potions
 h - a potion of berserk rage {unknown}
 o - a potion of heal wounds {unknown}


   Skills:
 * Level 2.4 Fighting
 + Level 1.4 Armour
 - Level 2.0 Dodging
 - Level 2.1 Stealth
 + Level 0.5 Shields
 * Level 3.0 Spellcasting
 * Level 2.5 Conjurations
 - Level 0.7 Transmutations
 * Level 4.7 Earth Magic


You had 6 spell levels left.
You knew the following spells:

 Your Spells              Type           Power      Damage    Failure   Level
a - Sandblast             Erth           36%        2d10      2%          1
b - Stone Arrow           Conj/Erth      30%        3d8       12%         3

Your spell library contained the following spells:

 Spells                   Type           Power      Damage    Failure   Level
 Passwall                 Tmut/Erth      9%         N/A       9%          2
 Petrify                  Tmut/Erth      11%        N/A       50%         4


Dungeon Overview and Level Annotations

Branches:
Dungeon (3/15)

Altars:
Ashenzari
Uskayaw

Annotations:
D:3 Ijyb


Innate Abilities, Weirdness & Mutations

You are immune to sickness and miasma.
Your stone body is resilient. (AC +4)
You are immune to poison.
You resist negative energy. (rN+)
You are resistant to electric shocks. (rElec)
You are resistant to unholy torment.
You are immune to petrification.


Message History

The blast of sand hits the adder.
The adder is severely wounded.
The adder bites you but does no damage.
Unknown command.
Casting: Sandblast (safe; 2% risk of failure)
Confirm with . or Enter, or press ? or * to list all spells.
Aiming: Sandblast (safe; 2% risk of failure)
Press: ? - help, Shift-Dir - straight line, f/p - adder
Aim: an adder (severely wounded, 66% to hit)
The blast of sand hits the adder!
You kill the adder!
Ijyb zaps a wand.
Your mind is blasted!
Ouch! That really hurt!
Your Spellcasting skill increases to level 3!
Casting: Sandblast (safe; 2% risk of failure)
Confirm with . or Enter, or press ? or * to list all spells.
Aiming: Sandblast (safe; 2% risk of failure)
Press: ? - help, Shift-Dir - straight line, f - Ijyb
Aim: Ijyb, wielding a +0 club, wearing a +0 chain mail and carrying a wand of mindburst (15) (79% to hit)
The blast of sand hits Ijyb.
Ijyb is lightly wounded.
Ijyb zaps a wand.
You resist with some effort.
Casting: Sandblast (safe; 2% risk of failure)
Confirm with . or Enter, or press ? or * to list all spells.
Aiming: Sandblast (safe; 2% risk of failure)
Press: ? - help, Shift-Dir - straight line, f/p - Ijyb
Aim: Ijyb, wielding a +0 club, wearing a +0 chain mail and carrying a wand of mindburst (14) (lightly wounded, 79% to hit)
The blast of sand hits Ijyb but does no damage.
Ijyb is lightly wounded.
Unknown command.
Casting: Sandblast (safe; 2% risk of failure)
Confirm with . or Enter, or press ? or * to list all spells.
Aiming: Sandblast (safe; 2% risk of failure)
Press: ? - help, Shift-Dir - straight line, f/p - Ijyb
Aim: Ijyb, wielding a +0 club, wearing a +0 chain mail and carrying a wand of mindburst (14) (lightly wounded, 79% to hit)
The blast of sand misses Ijyb.
The blast of sand hits the ball python!
You kill the ball python!
Ijyb zaps a wand.
Your mind is blasted!
Ouch! That really hurt!
You die...

######.#...................
#.....############.###
#####.# #.......# #.#
#.####### #.# # #.# #.# #.#
#@# #g# #.# #####†####.###
#.............
#...........<$
#.............
#.............
#####.......!.


You could see Ijyb.

Vanquished Creatures
  Crazy Yiuf (D:2)
  Terence (D:2)
  Natasha (D:2)
  Robin (D:2)
  6 adders
  A worm (D:2)
  12 bats
  3 endoplasms
  A giant cockroach (D:1)
  10 goblins
  6 hobgoblins
  7 jackals (D:2)
  10 kobolds
  3 quokkas
  8 ball pythons
  7 frilled lizards
  2 rats
80 creatures vanquished.

Vanquished Creatures (others)
  A fungus (D:1)
1 creature vanquished.

Grand Total: 81 creatures vanquished

Notes
Turn   | Place    | Note
-------+----------+-------------------------------------------
     0 | D:1      | Kaptain the Gargoyle Earth Elementalist began the quest for
                  | the Orb.
     0 | D:1      | Reached XP level 1. HP: 10/10 MP: 3/3
    38 | D:1      | Found a faded altar of an unknown god.
   400 | D:1      | Reached XP level 2. HP: 16/16 MP: 0/5
  1008 | D:1      | Reached skill level 4 in Earth Magic
  1073 | D:1      | Reached skill level 1 in Conjurations
  1073 | D:1      | Reached XP level 3. HP: 18/20 MP: 4/6
  1078 | D:1      | Learned a level 3 spell: Stone Arrow
  1227 | D:1      | Reached skill level 1 in Fighting
  1647 | D:2      | Noticed Robin
  1659 | D:2      | Killed Robin
  1665 | D:2      | HP: 1/20 [goblin/+0 club[Robin] (3)]
  2046 | D:2      | Reached XP level 4. HP: 23/25 MP: 4/7
  2211 | D:2      | Reached skill level 1 in Armour
  2943 | D:2      | Noticed Natasha
  2952 | D:2      | Killed Natasha
  3045 | D:2      | Reached XP level 5. HP: 30/30 MP: 6/8
  3045 | D:2      | Noticed Terence
  3504 | D:2      | Found a runed translucent door.
  3505 | D:2      | Noticed Crazy Yiuf
  3512 | D:2      | Killed Crazy Yiuf
  3638 | D:2      | Killed Terence
  3743 | D:3      | Identified the +5 hand axe "Esimadu" {vorpal, Will+}
  3900 | D:3      | Found a broken altar of Ashenzari.
  3902 | D:3      | Found a hide-covered altar of Uskayaw.
  4016 | D:3      | Noticed Ijyb
  4028 | D:3      | Blown up by Ijyb

Illustrated notes

Levels and vault maps discovered:
D:1:      dpeg_arrival_central, layout_loops_ring, shapermc_ecumenical_altar_gd
D:2:      minmay_inner_zag, layout_basic, uniq_natasha, uniq_crazy_yiuf_cottage,
          uniq_terence, uniq_robin
D:3:      layout_basic, minitemple, uniq_ijyb

Skill      XL: |  1  2  3  4  5 |
---------------+----------------+-----
Earth Magic    | 4 |  4.7
Conjurations   | 1 2 |  2.5
Fighting       | 1 2 |  2.4
Armour         | 1 |  1.4
Dodging        | 2 |  2.0
Spellcasting   | 3 |  3.0
Stealth        | |  2.1
Shields        | |  0.5
Transmutations | |  0.7

Action                   |  1- 3 |  4- 6 || total
-------------------------+-------+-------++-------
Melee: Hand axe          |    71 |    38 ||   109
       Dagger            |     4 |    16 ||    20
       Unarmed           |     1 |       ||     1
       Punch             |     1 |       ||     1
 Cast: Sandblast         |    31 |    26 ||    57
       Stone Arrow       |       |     8 ||     8
Armor: Robe              |    37 |    28 ||    65
Dodge: Dodged            |    75 |    45 ||   120
Block: Buckler           |       |     1 ||     1
